 Dungeon Crawl Stone Soup version 0.29.0-4-gdea44cf6ec (webtiles) character file.

Game seed: 14229918332291352476

154 qw the Ruffian (level 5, -2/50 HPs)
             Began as a Troll Cinder Acolyte on Sept 3, 2022.
             Was a High Priest of Ignis.
             Slain by Sigmund
             ... wielding a +0 scythe
              (5 damage)
             ... on level 4 of the Dungeon.
             The game lasted 00:01:32 (2638 turns).

qw the Ruffian (Troll Cinder Acolyte)               Turns: 2638, Time: 00:01:32

Health: -2/50      AC:  0    Str: 24    XL:     5   Next: 13%
Magic:  5/5        EV: 13    Int: 10    God:    Ignis [*****.]
Gold:   250        SH:  5    Dex:  5    Spells: 6/6 levels left

rFire   + . .      SeeInvis .     - Unarmed
rCold   . . .      Faith    .   (shield currently unavailable)
rNeg    . . .      Spirit   .   (body armour currently unavailable)
rPois   .          Reflect  +   (helmet currently unavailable)
rElec   .          Harm     .   (cloak currently unavailable)
rCorr   .          Rampage  .   (gloves unavailable)
Will    .....                   (boots unavailable)
Stlth   +.........              j - amulet of reflection
HPRegen 0.96/turn               (ring currently unavailable)
MPRegen 0.09/turn               (ring currently unavailable)

@: pig-form (expiring), very quick
A: fast, no casting, small, unfitting armour, (claws 3), regeneration 1, (shaggy
fur 1), (tough skin 1)
a: Renounce Religion, Fiery Armour, Foxfire Swarm, Rising Flame


You were on level 4 of the Dungeon.
You worshipped Ignis.
Ignis was extremely pleased with you.
You were a filthy swine.
You visited 1 branch of the dungeon, and saw 4 of its levels.

You collected 250 gold pieces.


Innate Abilities, Weirdness & Mutations

You are a filthy swine.
You move quickly.
Your equipment is almost entirely melded.
You are incapable of wielding weapons or throwing items.
You cannot cast spells.
You are too large for most types of armour.
((You have claws for hands.))
Your natural rate of healing is unusually fast.
((You are covered in fur. (AC +1)))
((You have tough skin. (AC +1)))


   Skills:
 - Level 2.4 Fighting
 + Level 2.9 Shields
 - Level 4.6 Unarmed Combat
 - Level 1.0 Spellcasting
 - Level 2.1 Fire Magic


You had 6 spell levels left.
You didn't know any spells.
Your spell library contained the following spells:

 Spells                   Type           Power      Damage    Failure   Level
 Scorch                   Fire           8%         2d5       22%         2

Inventory:

Missiles
 k - a javelin
Armour
 e - a +0 robe of willpower (melded)
 h - the +8 tower shield "Ralac" (melded) {Harm rPois Int-5 Dex+4}
   (You acquired it on level 2 of the Dungeon)

   Int:       It affects your intelligence (-5).
   Dex:       It affects your dexterity (+4).
   rPois:     It protects you from poison.
   Harm:      It increases damage dealt and taken.
 l - a +0 cloak (melded)
Jewellery
 j - an amulet of reflection (around neck)
Scrolls
 c - a scroll of brand weapon
 d - 2 scrolls of identify
 g - a scroll of teleportation
Potions
 a - a potion of mutation
 b - a potion of heal wounds
 f - 2 potions of curing
 i - a potion of cancellation {unknown}

Dungeon Overview and Level Annotations

Branches:
Dungeon (4/15)
 Temple: D:4-7

Altars:
Wu Jian

Annotations:
D:4 Sigmund


Message History

You hit Sigmund.
Sigmund is lightly wounded.
Sigmund barely misses you.
You hit Sigmund but do no damage.
Sigmund is lightly wounded.
You hit Sigmund.
Sigmund is lightly wounded.
Sigmund hits you with a +0 scythe.
You hit Sigmund but do no damage.
Sigmund is lightly wounded.
You hit Sigmund.
Sigmund is moderately wounded.
Sigmund hits you with a +0 scythe!
You closely miss Sigmund.
Sigmund is moderately wounded.
Sigmund hits you with a +0 scythe!
You hit Sigmund but do no damage.
Sigmund is moderately wounded.
You closely miss Sigmund.
Sigmund is moderately wounded.
Sigmund mumbles some strange words.
Sigmund flickers and vanishes!
Deactivating autopickup; reactivate with Ctrl-A.
You closely miss something. Something hits you!
You barely miss something.
Your transformation is almost over.
You barely miss something. Something barely misses you.
You miss something. Something hits you.
You hit something. You miss something. Something hits you!
You barely miss something. You miss something. Something hits you!
You miss something. Something hits you.
You die...

#..# #.............<........ #..#
#...................... ##.###
#.............%........ #...#
#...................... #.#.#
#......................
###.#'#####......................
.........##................<.....
####...#.........................
........###.....h{..............
#####...# #............. #...#
#.....(......) #...#
#........(.... #...#
#............. #...#
#................... ..##
#..(.................
#....................
................


There were no monsters in sight!

Vanquished Creatures
  A jelly (D:4)
  An orc wizard (D:3)
  An adder (D:4)
  3 dart slugs
  4 orcs (D:3)
  8 ball pythons
  6 endoplasms
  4 giant cockroaches
  11 goblins
  5 hobgoblins
  7 jackals
  4 quokkas
  5 bats
  3 frilled lizards
  5 kobolds
  4 rats
72 creatures vanquished.

Notes
Turn   | Place    | Note
-------+----------+-------------------------------------------
     0 | D:1      | qw the Troll Cinder Acolyte began the quest for the Orb.
     0 | D:1      | Reached XP level 1. HP: 22/22 MP: 1/1
     0 | D:1      | 0 ||| qw: Version: 0.1-a-100-g36b9a1f
     0 | D:1      | 0 ||| qw: Game counter: 5044
     0 | D:1      | 0 ||| qw: Always use a shield: true
     0 | D:1      | 0 ||| qw: God list: Okawaru
     0 | D:1      | 0 ||| qw: Allow faded altars: false
     0 | D:1      | 0 ||| qw: Do Orc after D:15 true
     0 | D:1      | 0 ||| qw: Do second Lair branch before Depths: true
     0 | D:1      | 0 ||| qw: Lair rune preference: random
     0 | D:1      | 0 ||| qw: Plans: Normal
     0 | D:1      | 0 ||| PLANNING D:1-11
    55 | D:1      | 55 ||| Stepping ~*~*~tactically~*~*~ (stealth).
    57 | D:1      | 57 ||| Stepping ~*~*~tactically~*~*~ (outnumbered).
    58 | D:1      | 58 ||| Stepping ~*~*~tactically~*~*~ (outnumbered).
    59 | D:1      | 59 ||| Stepping ~*~*~tactically~*~*~ (outnumbered).
    60 | D:1      | 60 ||| Stepping ~*~*~tactically~*~*~ (outnumbered).
    95 | D:1      | 95 ||| Stepping ~*~*~tactically~*~*~ (outnumbered).
    96 | D:1      | 96 ||| Stepping ~*~*~tactically~*~*~ (outnumbered).
    98 | D:1      | Reached XP level 2. HP: 28/29 MP: 2/2
   117 | D:1      | 117 ||| Stepping ~*~*~tactically~*~*~ (hiding).
   278 | D:1      | 278 ||| Stepping ~*~*~tactically~*~*~ (stealth).
   292 | D:1      | Reached skill level 4 in Unarmed Combat
   395 | D:1      | Reached XP level 3. HP: 36/36 MP: 3/3
   674 | D:1      | 674 ||| UPGRADING to +0 robe of willpower.
   684 | D:1      | 684 ||| DROPPING +0 robe.
   685 | D:1      | 685 ||| UPGRADING to +0 cloak.
   690 | D:1      | 690 ||| READING 2 scrolls labelled UCKUAPRAMNEXT.
   691 | D:1      | 691 ||| READING scroll labelled FIDOT WEKICSY.
   692 | D:1      | 692 ||| READING scroll labelled LUVICEMEYN.
   693 | D:1      | 693 ||| READING scroll labelled DIESTE PEULE.
   694 | D:1      | 694 ||| READING scroll labelled ODIMIKLA UNUM.
   695 | D:1      | 695 ||| READING scroll labelled HITUF COESS.
   696 | D:1      | 696 ||| READING scroll labelled CORAANALOJ.
   697 | D:1      | 697 ||| READING scroll labelled TYLOTAE TYDGHE.
   702 | D:1      | 702 ||| DRINKING 2 coppery potions.
   839 | D:2      | Found a faded altar of an unknown god.
  1471 | D:2      | 1471 ||| READING scroll labelled LIDUDAU QOOTAO.
  1471 | D:2      | Identified a scroll of acquirement
  1471 | D:2      | 1471 ||| ACQUIRING +8 tower shield "Ralac" {Harm rPois
                  | Int-5 Dex+4}
  1471 | D:2      | Acquired the +8 tower shield "Ralac" {Harm rPois Int-5
                  | Dex+4}
  1473 | D:2      | 1473 ||| UPGRADING to +8 tower shield "Ralac" {Harm rPois
                  | Int-5 Dex+4}.
  1478 | D:2      | 1478 ||| READING scroll labelled LYRUZE XAGEH.
  1499 | D:2      | 1499 ||| READING scroll labelled OPATUJ ESALEO.
  1789 | D:3      | 1789 ||| Stepping ~*~*~tactically~*~*~ (stealth).
  1791 | D:3      | 1791 ||| Stepping ~*~*~tactically~*~*~ (stealth).
  1795 | D:3      | Reached skill level 1 in Shields
  1795 | D:3      | Reached XP level 4. HP: 44/44 MP: 4/4
  1796 | D:3      | 1796 ||| Stepping ~*~*~tactically~*~*~ (stealth).
  1800 | D:3      | 1800 ||| Stepping ~*~*~tactically~*~*~ (stealth).
  2108 | D:3      | 2108 ||| Stepping ~*~*~tactically~*~*~ (stealth).
  2239 | D:3      | Found an ornate altar of the Wu Jian Council.
  2277 | D:3      | 2277 ||| UPGRADING to amulet of reflection.
  2282 | D:3      | 2282 ||| DRINKING 2 red potions.
  2283 | D:3      | 2283 ||| READING 3 scrolls of identify.
  2283 | D:3      | 2283 ||| IDENTIFYING bubbling coppery potion
  2284 | D:3      | 2284 ||| READING 2 scrolls of identify.
  2284 | D:3      | 2284 ||| IDENTIFYING ruby potion
  2285 | D:3      | 2285 ||| DROPPING potion of lignification.
  2389 | D:4      | Identified the +4 leather armour of Precision Catastrophes
                  | {Str+4}
  2613 | D:4      | Reached XP level 5. HP: 49/50 MP: 5/5
  2614 | D:4      | Noticed Sigmund
  2621 | D:4      | 2621 ||| DRINKING 3 potions of curing.
  2621 | D:4      | 2621 ||| (to cure confusion)
  2635 | D:4      | HP: 7/50 [something (13)]
  2637 | D:4      | HP: 2/50 [something (7)]
  2638 | D:4      | Slain by Sigmund

Levels and vault maps discovered:
D:1:      shiori_arrival_oz, layout_basic
D:2:      layout_basic, ebering_ecumenical_altar_petrified,
          hangedman_abyss_or_decor_stabs, minivault_23, chequers_jeans
D:3:      layout_basic, nicolae_wu_jian_immortal_techniques,
          minmay_misc_feat_alley
D:4:      layout_basic, nicolae_overflow_crystal_walls, uniq_natasha,
          uniq_sigmund

Skill      XL: |  1  2  3  4 |
---------------+-------------+-----
Unarmed Combat | 4 |  4.6
Shields        | 1 2 |  2.9
Fighting       | |  2.4
Spellcasting   | |  1.0
Fire Magic     | |  2.1

Action                   |  1- 3 |  4- 6 || total
-------------------------+-------+-------++-------
Melee: Unarmed           |    95 |    71 ||   166
       Punch             |     1 |       ||     1
Throw: Javelin           |       |     1 ||     1
  Use: Scroll            |    11 |     2 ||    13
       Potion            |     1 |     2 ||     3
Armor: Robe              |    25 |     7 ||    32
Dodge: Dodged            |    28 |     9 ||    37
Block: Tower shield      |     8 |    30 ||    38
       Reflection        |       |     1 ||     1

Table legend:
 A = Non-vault XP
 B = Vault XP
 C = Vault XP percentage of total XP
 D = Non-vault monster count
 E = Vault monster count
 F = Vault count percentage of total count
                 A         B        C        D         E       F
            +---------+---------+-------+---------+---------+-------
      Total |     217 |       3 |   1.4 |      70 |       2 |   2.8
            +---------+---------+-------+---------+---------+-------
        D:1 |      52 |       3 |   5.5 |      28 |       2 |   6.7
        D:2 |      20 |       0 |   0.0 |      12 |       0 |   0.0
        D:3 |      73 |       0 |   0.0 |      20 |       0 |   0.0
        D:4 |      72 |       0 |   0.0 |      10 |       0 |   0.0
            +---------+---------+-------+---------+---------+-------
